 Dungeon Crawl Stone Soup version 0.27.0-1-g7a089689b8 (webtiles) character file.

Game seed: 9706210826931369849

4 Brandom the Stinger (level 1, 0/15 HPs)
             Began as a Merfolk Wanderer on Aug 11, 2021.
             Slain by a kobold (2 damage)
             ... on level 2 of the Dungeon.
             The game lasted 00:00:23 (266 turns).

Brandom the Stinger (Merfolk Wanderer)               Turns: 266, Time: 00:00:23

Health: 0/15       AC:  2    Str: 11    XL:     1   Next: 70%
Magic:  2/2        EV: 11    Int: 11    God:
Gold:   6          SH:  0    Dex: 14    Spells: 1/2 levels left

rFire    . . .     SeeInvis .   a - +2 mace
rCold    . . .     Faith    .   (no shield)
rNeg     . . .     Spirit   .   c - +0 robe
rPois    .         Reflect  .   (no helmet)
rElec    .         Harm     .   (no cloak)
rCorr    .         Rampage  .   (no gloves)
Will     .....                  (no boots)
Stlth    ++........             (no amulet)
HPRegen  0.05/turn              (no ring)
MPRegen  0.08/turn              (no ring)

@: no status effects
A: (nimble swimmer 2), mertail
a: no special abilities


You were on level 2 of the Dungeon.
You visited 1 branch of the dungeon, and saw 2 of its levels.

You collected 6 gold pieces.

Inventory:

Hand Weapons
 a - a +2 mace (weapon)
Armour
 c - a +0 robe (worn)
Miscellaneous
 b - a piece from Xom's chessboard (15/15)


   Skills:
 + Level 1.2 Fighting
 + Level 1.6 Maces & Flails
 + Level 1.2 Stealth
 + Level 1.1 Spellcasting
 + Level 1.0 Conjurations
 + Level 3.3 Poison Magic
 + Level 1.1 Evocations


You had one spell level left.
You knew the following spells:

 Your Spells              Type           Power      Damage    Failure   Level
a - Foxfire               Conj/Fire      4%         2x1d4     26%         1

Your spell library contained the following spells:

 Spells                   Type           Power      Damage    Failure   Level
 Conjure Flame            Conj/Fire      1%         6-21      61%         3


Dungeon Overview and Level Annotations

Branches:
Dungeon (2/15)

Altars:


Innate Abilities, Weirdness & Mutations

((You are quick and stealthy near water. (Stealth+, EV+, Speed+++)))
Your lower body shifts to a powerful aquatic tail in water.


Message History

The dart slug launches a dart at you. The slug dart misses you.
The frilled lizard hisses angrily.
The dart slug launches a dart at you. The slug dart hits you.
Found a stone staircase leading down.
You hit the dart slug.
The dart slug bites you but does no damage.
You sock the dart slug! The dart slug barely misses you.
You sock the dart slug!
You kill the dart slug!
The frilled lizard bites you.
You hit the frilled lizard.
You kill the frilled lizard!
There is a stone staircase leading down here.
You climb downwards.
There is a stone staircase leading up here.
Found a stone staircase leading up.
Found 6 gold pieces.
You now have 6 gold pieces.
Found 25 stones.
You see here 25 stones.
There is a stone staircase leading up here.
You open the door.
There is an open door here.
Found a stone staircase leading down.
Key pressed, stopping explore.
An iguana comes into view.
An iguana is nearby!
An iguana is nearby!
An iguana is nearby!
An iguana is nearby!
An iguana is nearby!
A kobold comes into view. It is wielding a +0 dagger.
The iguana bites you.
You hit the iguana. The iguana barely misses you.
You sock the iguana! The iguana barely misses you.
You hit the iguana. The iguana bites you.
* * * LOW HITPOINT WARNING * * *
You hit the iguana but do no damage.
The kobold shouts!
The iguana barely misses you. The iguana closely misses you.
Unknown command.
You hit the iguana. The iguana bites you.
* * * LOW HITPOINT WARNING * * *
The kobold closely misses you.
You hit the iguana.
You kill the iguana!
The kobold hits you with a +0 dagger.
You die...

# # # # # # # ##.#
#################...#.##
................@.......
#################K##....
......##.# .# .
##.#..##.# .# ...#..##.#
.# #..#.....########.#
####.####.........#
.......##.#########
####.#.##.#


You could see a kobold.

Vanquished Creatures
  An iguana (D:2)
  A dart slug (D:1)
  A ball python (D:1)
  A frilled lizard (D:1)
4 creatures vanquished.

Notes
Turn   | Place    | Note
-------+----------+-------------------------------------------
     0 | D:1      | Brandom the Merfolk Wanderer began the quest for the Orb.
     0 | D:1      | Brandom set off with the following items: a +2 mace, a
                  | piece from Xom's chessboard (15/15), a +0 robe; and the
                  | following spell memorised: Foxfire; and the following
                  | spells available to memorise: Conjure Flame
     0 | D:1      | Reached XP level 1. HP: 15/15 MP: 2/2
   254 | D:2      | Noticed an iguana
   266 | D:2      | Killed an iguana
   266 | D:2      | Slain by a kobold

Illustrated notes

Levels and vault maps discovered:
D:1:      lightli_arrival_maybe_door_vault, layout_rooms,
          hellmonk_ecumenical_altar_arch_garden, nrook_loot_triangle,
          serial_bayou_lagoon_a, minmay_hexomino_c4
D:2:      layout_basic, serial_curves, eino_curves_03, eino_curves_03

Action                   || total
-------------------------++-------
Melee: Mace              ||    11
Armor: Robe              ||     1
Dodge: Dodged            ||     7
